 Dungeon Crawl Stone Soup version 0.23.2-1-ga50397a6bc (webtiles) character file.

Game seed: 7119267408689258006

67 Revguard the Charlatan (level 3, -3/26 HPs)
             Began as a Demonspawn Artificer on Apr 16, 2019.
             Slain by an orc
             ... wielding a +0 trident
              (5 damage)
             ... on level 3 of the Dungeon.
             The game lasted 00:06:18 (1809 turns).

Revguard the Charlatan (Demonspawn Artificer)       Turns: 1809, Time: 00:06:19

Health: -3/26      AC: 10    Str: 13    XL:     3   Next: 98%
Magic:  2/5        EV: 12    Int: 12    God:
Gold:   114        SH:  0    Dex: 13    Spells: 0/2 levels left

rFire    . . .     SeeInvis .   a - +0 short sword
rCold    . . .     Gourm    .   (no shield)
rNeg     + . .     Faith    .   b - +0 leather armour
rPois    +         Spirit   .   (no helmet)
rElec    .         Reflect  .   i - +2 cloak
rCorr    .         Harm     .   (no gloves)
MR       .....                  r - +1 pair of boots
Stlth    +.........             (no amulet)
HPRegen  0.08/turn              h - ring of poison resistance
MPRegen  0.09/turn              s - ring of Kuamal {Wiz rN+}

@: very slightly contaminated
A: hooves 1, molten scales 1
a: no special abilities


You were on level 3 of the Dungeon.
You were very hungry.

You visited 1 branch of the dungeon, and saw 3 of its levels.

You collected 114 gold pieces.

Inventory:

Hand Weapons
 a - a +0 short sword (weapon)
Armour
 b - a +0 leather armour (worn)
 i - a +2 cloak (worn)
 r - a +1 pair of boots (worn)
Jewellery
 h - a ring of poison resistance (left hand)
 j - an uncursed ring of ice
 o - an uncursed ring of protection from cold
 s - the ring of Kuamal (right hand) {Wiz rN+}
   (You found it on level 2 of the Dungeon)

   [ring of wizardry]

   It improves your spell success rate.
   It protects you from negative energy.
Wands
 c - a wand of flame (15)
 d - a wand of enslavement (15)
 e - a wand of random effects (15)
Scrolls
 g - 3 scrolls of identify {unknown}
 k - 2 scrolls of enchant armour {unknown}
 l - a scroll of teleportation {unknown}
 m - a scroll of fear {unknown}
 n - a scroll of noise {unknown}
 p - a scroll of immolation {unknown}
 q - a scroll of remove curse {unknown}
Potions
 t - a potion of curing
Comestibles
 f - 5 rations


   Skills:
 + Level 1.1 Fighting
 + Level 1.7 Short Blades
 * Level 1.4 Armour
 + Level 2.1 Dodging
 + Level 0.8 Stealth
 * Level 0.1 Spellcasting
 + Level 3.7 Evocations


You couldn't memorise any spells.
You knew the following spells:

 Your Spells              Type           Power        Failure   Level  Hunger
a - Ensorcelled Hibernat  Hex/Ice        #.....       26%         2    ###....

Your spell library contained the following spells:

 Spells                   Type           Power        Failure   Level  Hunger
 Corona                   Hex            #......      16%         1    ##.....
 Confuse                  Hex            #.......     43%         3    ####...
 Dazzling Spray           Conj/Hex       #.....       43%         3    ####...
 Tukima's Dance           Hex            #.......     43%         3    ####...


Dungeon Overview and Level Annotations

Branches:
Dungeon (3/15)

Altars:
Cheibriados

Annotations:
D:3 Sigmund


Innate Abilities, Weirdness & Mutations

You have large cloven feet.
You are partially covered in molten scales. (AC +2)


Message History

The bat hits you but does no damage. The bat hits you but does no damage.
The bat closely misses you. The bat closely misses you.
The bat hits you but does no damage. The bat hits you.
* * * LOW HITPOINT WARNING * * *
The bat barely misses you.
Casting: Ensorcelled Hibernation (safe; 26% risk of failure)
Confirm with . or Enter, or press ? or * to list all spells.
Aiming: Ensorcelled Hibernation (safe; 26% risk of failure)
Press: ? - help, Shift-Dir - straight line, f/p - bat
Aim: a bat (chance to defeat MR: 50%)
The bat resists with some effort.
The bat hits you but does no damage. The bat closely misses you.
A frilled lizard and an orc come into view.
The bat hits you.
* * * LOW HITPOINT WARNING * * *
The orc shouts!
The frilled lizard hisses angrily.
The bat hits you but does no damage.
The orc hits you from afar with a +0 trident.
You die...

#....#
##....#
#...l.#
.....#
#....#
#o...#
#....#
#@# #b#
#.# #g#
#.# #Y#
.. #.#
#. #.#
####.##
#J#


You could see an ice beast, an orc, a goblin, a bat and a frilled lizard.

Vanquished Creatures
  An adder (D:2)
  An ooze (D:2)
  2 worms (D:2)
  A dart slug (D:2)
  A leopard gecko (D:1)
  A ball python (D:2)
  7 bats
  9 goblins
  8 hobgoblins
  2 jackals (D:1)
  3 frilled lizards
  A kobold (D:1)
  6 rats
43 creatures vanquished.

Notes
Turn   | Place    | Note
-------+----------+-------------------------------------------
     0 | D:1      | Revguard the Demonspawn Artificer began the quest for the
                  | Orb.
     0 | D:1      | Reached XP level 1. HP: 15/15 MP: 3/3
   185 | D:1      | Gained mutation: You have large cloven feet. [demonic
                  | ancestry]
   185 | D:1      | Reached XP level 2. HP: 15/21 MP: 4/4
   328 | D:1      | Reached skill level 1 in Short Blades
   755 | D:2      | Gained mutation: You are partially covered in molten
                  | scales. (AC +2) [demonic ancestry]
   755 | D:2      | Reached XP level 3. HP: 16/26 MP: 5/5
   806 | D:2      | Reached skill level 1 in Armour
  1082 | D:2      | Found a snail-covered altar of Cheibriados.
  1606 | D:2      | Got a coiled steel ring
  1612 | D:2      | Identified the ring of Kuamal {Wiz rN+} (You found it on
                  | level 2 of the Dungeon)
  1728 | D:3      | Learned a level 2 spell: Ensorcelled Hibernation
  1742 | D:3      | Noticed an ice beast
  1765 | D:3      | HP: 1/26 [ice beast (5)]
  1784 | D:3      | Noticed Sigmund
  1809 | D:3      | Slain by an orc

Skill      XL: |  1  2  3 |
---------------+----------+-----
Dodging        | 2 |  2.1
Short Blades   | 1 |  1.7
Armour         | 1 |  1.4
Fighting       | |  1.1
Stealth        | |  0.8
Spellcasting   | |  0.1
Evocations     | |  3.7

Action                   || total
-------------------------++-------
Melee: Short sword       ||   173
       Kick              ||    21
 Cast: Ensorcelled Hiber ||     2
  Use: Potion            ||     7
  Eat: Chunk             ||     2
Armor: Leather armour    ||   100
Dodge: Dodged            ||   149
